 Dungeon Crawl Stone Soup version 0.29-a0-555-g3b24f45cc1 (webtiles) character file.

Game seed: 3190674878825260296

512 Pooter the Chopper (level 6, -6/56 HPs)
             Began as a Minotaur Abyssal Knight on June 6, 2022.
             Was a Priest of Lugonu.
             Killed by divine providence
             ... invoked by an orc priest
              (14 damage)
             ... on level 5 of the Dungeon on June 7, 2022.
             The game lasted 00:24:11 (4169 turns).

Pooter the Chopper (Minotaur Abyssal Knight)        Turns: 4169, Time: 00:24:12

Health: -6/56      AC:  8    Str: 19    XL:     6   Next: 99%
Magic:  7/7        EV:  7    Int:  7    God:    Lugonu [***...]
Gold:   139        SH:  0    Dex: 11    Spells: 5/5 levels left

rFire   . . .      SeeInvis .   a - +0 halberd
rCold   . . .      Faith    .   (shield currently unavailable)
rNeg    . . .      Spirit   .   r - +0 chain mail
rPois   .          Reflect  .   (helmet restricted)
rElec   .          Harm     .   (no cloak)
rCorr   .          Rampage  .   (no gloves)
Will    .....                   (no boots)
Stlth   ..........              o - amulet of magic regeneration
HPRegen 0.18/turn               (no ring)
MPRegen 0.50/turn               (no ring)

@: no status effects
A: horns 2, retaliatory headbutt
a: Renounce Religion, Depart the Abyss, Bend Space, Banish


You were on level 5 of the Dungeon.
You worshipped Lugonu.
Lugonu was most pleased with you.
You visited 1 branch of the dungeon, and saw 5 of its levels.
You visited the Abyss 1 time.

You collected 230 gold pieces.
You spent 91 gold pieces at shops.

Inventory:

Hand Weapons
 a - a +0 halberd (weapon)
   (You took it off a gnoll on level 3 of the Dungeon)
 b - a +0 hunting sling
   (You took it off a goblin on level 4 of the Dungeon)
 m - a +0 vorpal trident
   (You took it off a gnoll on level 5 of the Dungeon)
 p - a +1 hand axe
Missiles
 f - 7 poisoned darts
 Q - 143 stones (quivered)
Armour
 n - a scarf of shadows
   (You found it on level 3 of the Dungeon)
 r - a +0 chain mail (worn)
   (You found it on level 4 of the Dungeon)
Jewellery
 o - an amulet of magic regeneration (around neck)
   (You found it on level 3 of the Dungeon)
Wands
 i - a wand of mindburst (14)
   (You found it on level 3 of the Dungeon)
Scrolls
 e - 2 scrolls of fog
 j - 3 scrolls of amnesia
 k - a scroll of torment {unknown}
 l - a scroll of noise {unknown}
 t - a scroll of teleportation {@r4}
 u - a scroll of acquirement {unknown}
Potions
 c - a potion of degeneration {unknown}
 d - 4 potions of resistance
 g - a potion of lignification {unknown}
 h - 2 potions of curing {@q1}
 q - 2 potions of might {unknown}
 s - a potion of haste {@q3}


   Skills:
 + Level 5.5 Fighting
 * Level 6.4 Axes
 - Level 2.4 Armour
 - Level 1.1 Dodging
 + Level 3.7 Invocations
 + Level 1.8 Evocations


You had 5 spell levels left.
You didn't know any spells.
Your spell library contained the following spells:

 Spells                   Type           Power      Damage    Failure   Level
 Apportation              Tloc           0%         N/A       99%         1
 Necrotize                Necr           0%         1d4       99%         1
 Summon Small Mammal      Summ           0%         N/A       99%         1
 Confusing Touch          Hex            0%         N/A       100%        3
 Conjure Flame            Conj/Fire      0%         6-21      100%        3
 Ignite Poison            Fire/Tmut/Pois 0%         N/A       100%        3
 Portal Projectile        Hex/Tloc       0%         N/A       100%        3
 Tukima's Dance           Hex            0%         N/A       100%        3
 Sticky Flame             Conj/Fire      0%         2d3       100%        4
 Blade Hands              Tmut           0%         N/A       100%        5
 Fireball                 Conj/Fire      0%         3d3       100%        5
 Yara's Violent Unravell  Hex/Tmut       0%         3d3       100%        5
 Starburst                Conj/Fire      0%         6d3       100%        6
 Enfeeble                 Hex            0%         N/A       100%        7
 Ignition                 Fire           0%         3d3       100%        8


Dungeon Overview and Level Annotations

Branches:
Dungeon (5/15)
 Temple: D:4-7

Altars:
Uskayaw

Shops:
D:2 ?   D:5 *

Annotations:
D:5 Grinder


Innate Abilities, Weirdness & Mutations

You have a pair of horns on your head.
You reflexively headbutt those who attack you in melee.


Message History

You kill the iguana!
Lugonu accepts your kill.
b - a +0 hunting sling (weapon)
You shoot a sling bullet.
The sling bullet closely misses the orc.
An orc comes into view. It is wielding a +0 war axe.
You shoot a sling bullet. The orc shouts!
The sling bullet hits the orc but does no damage.
You hear a shout!
You shoot a sling bullet. The sling bullet barely misses the orc.
The sling bullet hits the orc.
The orc hits you with a +0 flail!
An orc comes into view. It is wielding a +0 dagger.
a - a +0 halberd (weapon)
An orc priest comes into view. It is wielding a +0 whip.
The orc hits you with a +0 flail!
The orc priest shouts!
The orc throws a boomerang.
The boomerang closely misses you. The orc hits you with a +0 war axe.
The orc priest calls upon Beogh to heal the orc.
The orc's wounds heal themselves!
The orc hits you but does no damage.
You hit the orc but do no damage. The orc barely misses you.
The orc hits you but does no damage.
You barely miss the orc. Your headbutt misses the orc.
An orc comes into view. It is wielding a +0 dagger.
The orc hits you but does no damage. The orc hits you with a +0 flail.
You barely miss the orc.
The orc shouts!
Your headbutt misses the orc. The orc hits you with a +0 war axe.
* * * LOW HITPOINT WARNING * * *
The orc hits you but does no damage.
The orc priest calls down the wrath of Beogh upon you.
Beogh smites you!
* * * LOW HITPOINT WARNING * * *
Space bends violently around you!
You blink.
Grinder comes into view.
Found 21 stones.
Grinder shouts!
The orc throws a boomerang.
The boomerang hits you.
* * * LOW HITPOINT WARNING * * *
Grinder drinks a potion.
Grinder seems to speed up.
Unknown command.
Space bends violently around you!
You blink.
The orc throws a boomerang.
The boomerang hits you.
* * * LOW HITPOINT WARNING * * *
Grinder blinks!
Grinder blinks!
The orc priest mumbles some strange prayers to Beogh against you.
Beogh smites you!
You die...

....)..#>....#...........
.#.....#..#.....o......###
####..#...##...o....##.. #
####..###.o.....## ... #
#...##..o#...#####... #
###.##............. #
#..#....o##....... #
#.........#.......
#.........@.......
##.##..#..........
#######..........
##..#...#.# ##.#...# .
#######


You could see an orc priest and 2 orcs.

Vanquished Creatures
  A black bear (D:2)
  A bullfrog (D:5)
  A howler monkey (D:5)
  3 hounds
  2 iguanas
  4 adders
  7 gnolls
  2 ufetubi
  A worm (D:3)
  2 dart slugs (D:1)
  6 endoplasms
  2 giant cockroaches
  9 goblins
  5 hobgoblins
  6 quokkas
  9 ball pythons
  5 bats
  4 frilled lizards
  5 kobolds
  6 rats
81 creatures vanquished.

Vanquished Creatures (others)
  5 plants (D:2)
5 creatures vanquished.

Grand Total: 86 creatures vanquished

Notes
Turn   | Place    | Note
-------+----------+-------------------------------------------
     0 | Abyss:1  | Pooter the Minotaur Abyssal Knight began the quest for the
                  | Orb.
     0 | Abyss:1  | Reached XP level 1. HP: 19/19 MP: 1/1
    58 | Abyss:1  | Noticed a queen bee
    65 | Abyss:1  | Noticed a hellwing
    66 | D:1      | Escaped the Abyss
   293 | D:1      | Reached skill level 3 in Axes
   293 | D:1      | Reached XP level 2. HP: 26/27 MP: 2/2
   319 | D:1      | Reached ** piety under Lugonu
   736 | D:1      | Found a faded altar of an unknown god.
   839 | D:1      | Reached XP level 3. HP: 30/33 MP: 3/3
  1079 | D:2      | Found a hide-covered altar of Uskayaw.
  1193 | D:2      | Found Unatiossa's Magic Scroll Shoppe.
  1216 | D:2      | Bought a scroll of identify for 26 gold pieces
  1216 | D:2      | Bought a scroll of identify for 26 gold pieces
  1270 | D:2      | Reached skill level 4 in Axes
  1302 | D:2      | Noticed a black bear
  1308 | D:2      | Killed a black bear
  1309 | D:2      | Reached XP level 4. HP: 17/41 MP: 3/5
  1309 | D:2      | Reached XP level 5. HP: 20/47 MP: 3/6
  1891 | D:2      | Bought a scroll of teleportation for 39 gold pieces
  2400 | D:3      | Reached skill level 5 in Axes
  3147 | D:4      | Upgraded the game from 0.29-a0-553-g81b289dbe5 to
                  | 0.29-a0-555-g3b24f45cc1
  3280 | D:4      | Reached *** piety under Lugonu
  3359 | D:4      | Reached skill level 5 in Fighting
  3359 | D:4      | Reached skill level 1 in Evocations
  3540 | D:4      | Reached XP level 6. HP: 50/56 MP: 7/7
  3845 | D:5      | Entered Level 5 of the Dungeon
  3932 | D:5      | Reached skill level 6 in Axes
  4110 | D:5      | Found Xekex's Assorted Antiques.
  4160 | D:5      | Noticed Grinder
  4169 | D:5      | Killed from afar by an orc priest

Illustrated notes

Levels and vault maps discovered:
D:1:      minmay_arrival_radiant_lines, layout_basic,
          ebering_ecumenical_altar_box
D:2:      layout_loops_ring, serial_shops, shop, basic_altar, serial_bayou,
          serial_bayou_shore_b, serial_bayou_lagoon_b, serial_bayou_pond_d,
          serial_bayou_shore_b
D:3:      layout_loops_cross
D:4:      layout_cave_pods
D:5:      layout_cave_pools, serial_gnoll_camp, gnoll_camp_mini_hut,
          grums_kennel, gnoll_camp_mini_shop, gnoll_camp_mini_hut,
          gnoll_camp_mini_hut, minmay_shop_enchanted_jewellery,
          kennysheep_generic_room_14, uniq_grinder

Skill      XL: |  1  2  3  4  5  6 |
---------------+-------------------+-----
Invocations    | 2 3 |  3.7
Axes           | 3 4 5 6 |  6.4
Fighting       | 4 5 |  5.5
Evocations     | 1 |  1.8
Armour         | |  2.4
Dodging        | |  1.1

Action                   |  1- 3 |  4- 6 || total
-------------------------+-------+-------++-------
Melee: Hand axe          |    72 |    13 ||    85
       Headbutt          |     9 |     8 ||    17
       Punch             |     1 |       ||     1
       Halberd           |       |    82 ||    82
       Trident           |       |    22 ||    22
 Fire: Hunting sling     |       |    17 ||    17
Throw: Stone             |    20 |    32 ||    52
Invok: Depart the Abyss  |     1 |       ||     1
       Bend Space        |       |     3 ||     3
  Use: Scroll            |     2 |     2 ||     4
 Stab: Distracted        |       |     1 ||     1
Armor: Leather armour    |    15 |     5 ||    20
       Chain mail        |       |    37 ||    37
Dodge: Dodged            |    46 |    46 ||    92

Table legend: (Time is in decaauts)
 A = Elapsed time spent in this place.
 B = Non-inter-level travel time spent in this place.
 C = Inter-level travel time spent in this place.
 D = Time resting spent in this place.
 E = Time spent auto-exploring this place.
 F = Levels seen in this place.
 G = Mean time per level.
                   A        B        C        D        E       F      G
               +--------+--------+--------+--------+--------+-----+--------+
         Total |   4239 |   4111 |    128 |    484 |   2805 |   6 |  706.5 |
       Dungeon |   4172 |   4044 |    128 |    484 |   2794 |   5 |  834.4 |
         Abyss |     66 |     66 |      0 |      0 |     11 |   1 |   66.0 |
               +--------+--------+--------+--------+--------+-----+--------+

Top non-repeatable levels by time:
     D:2: 1257 daAuts
     D:4: 1012 daAuts
     D:1: 922 daAuts
     D:3: 741 daAuts
     D:5: 238 daAuts
 Abyss:1: 66 daAuts
